Construct Infanterie Kompanie
Selects Mechanized Battlegroup
Construct Panzergrenadier Kompanie
Panzergrenadier Officer Quarters
Pak 40 Anti-tank Gun Team
Pak 40 Anti-tank Gun Team
Selects 8 Rad Armored Car
Selects UNKNOWN (2160084)
Selects Stoßtruppen Assault Package
Construct Panzer Kompanie
Selects Mechanized Assault